 Dungeon Crawl Stone Soup version 0.27-a0-1084-g78b3836a5f (webtiles) character file.

Game seed: 829046076692086880

77 tsouns the Sneak (level 4, 0/35 HPs)
             Began as a Demonspawn Delver on Apr 27, 2021.
             Was a Believer of Ru.
             Slain by an orc priest
             ... wielding a +0 whip
              (1 damage)
             ... on level 2 of the Dungeon.
             The game lasted 00:04:36 (2020 turns).

tsouns the Sneak (Demonspawn Delver)                Turns: 2020, Time: 00:04:37

Health: 0/35       AC: 10    Str: 18    XL:     4   Next: 13%
Magic:  4/4        EV:  2    Int: 12    God:    Ru [**....]
Gold:   75         SH: 12    Dex: 15    Spells: 2/3 levels left

rFire    . . .     SeeInvis .     - Unarmed
rCold    . . .     Faith    .   e - +0 kite shield
rNeg     . . .     Spirit   .   c - +0 plate armour
rPois    .         Reflect  .   (no helmet)
rElec    .         Harm     .   (no cloak)
rCorr    .         Rampage  .   (no gloves)
Will     .....                  (no boots)
Stlth    ..........             (no amulet)
HPRegen  0.11/turn              m - +6 ring of strength
MPRegen  0.09/turn              (no ring)

@: no status effects
A: hooves 1, inability to use devices, condensation shield
a: Renounce Religion


You were on level 2 of the Dungeon.
You worshipped Ru.
Ru was pleased with you.
You visited 1 branch of the dungeon, and saw 5 of its levels.

You collected 75 gold pieces.

Inventory:

Armour
 a - a +0 leather armour
 c - a +0 plate armour (worn)
 e - a +0 kite shield (worn)
Jewellery
 m - a +6 ring of strength (left hand)
Wands
 f - a wand of digging (3)
Scrolls
 b - a scroll of fog
 d - a scroll of fear
 g - a scroll of noise {unknown}
 j - a scroll of identify {unknown}
 k - a scroll of enchant weapon {unknown}
 n - a scroll of magic mapping
Potions
 h - 2 potions of curing {unknown}
 i - a potion of haste
 l - a potion of degeneration {unknown}


   Skills:
 + Level 3.1 Fighting
 + Level 1.6 Armour
 - Level 1.7 Dodging
 - Level 4.5 Stealth
 + Level 0.4 Shields
 * Level 3.2 Unarmed Combat


You had 2 spell levels left.
You knew the following spells:

 Your Spells              Type           Power      Damage    Failure   Level
a - Magic Dart            Conj           0%         1d3       100%        1

Your spell library contained the following spells:

 Spells                   Type           Power      Damage    Failure   Level
 Animate Skeleton         Necr           0%         N/A       100%        1
 Apportation              Tloc           0%         N/A       100%        1
 Corona                   Hex            0%         N/A       100%        1
 Summon Small Mammal      Summ           0%         N/A       100%        1
 Searing Ray              Conj           0%         3d3       100%        2
 Dazzling Flash           Conj/Hex       0%         N/A       100%        3
 Fulminant Prism          Conj/Hex       0%         3d6       100%        4
 Iskenderun's Mystic Bla  Conj/Tloc      0%         2d3       100%        4


Dungeon Overview and Level Annotations

Branches:
Dungeon (5/15)
 Temple: D:4-7

Altars:
Ru
Sif Muna

Annotations:
D:5 Edmund


Innate Abilities, Weirdness & Mutations

You have large cloven feet.
You cannot study or use magical devices.
A meltable shield of frost defends you. (SH +4)


Message History

The orc is moderately wounded.
The orc priest miscasts a cantrip.
You block the orc's attack. x2
You punch the orc!
You kill the orc!
The orc priest calls down the wrath of Beogh upon you.
Beogh smites you!
You are too injured to fight recklessly!
You are too injured to fight recklessly!
You are too injured to fight recklessly!
You are too injured to fight recklessly!
You are too injured to fight recklessly!
You are too injured to fight recklessly!
You are too injured to fight recklessly!
You are too injured to fight recklessly!
You are too injured to fight recklessly!
You are too injured to fight recklessly!
You are too injured to fight recklessly!
You are too injured to fight recklessly!
You are too injured to fight recklessly!
You are too injured to fight recklessly!
You are too injured to fight recklessly!
You are too injured to fight recklessly!
Unknown command.
The orc priest hits you but does no damage.
Items here: )))) ††.
You hit the orc priest.
The orc priest is lightly wounded.
You block the orc priest's attack.
You hit the orc priest. You kick the orc priest.
The orc priest is severely wounded.
The orc priest mumbles some strange prayers to Beogh against you.
Beogh smites you!
You hit the orc priest.
The orc priest is almost dead.
The orc priest mumbles some strange prayers to Beogh against you.
Beogh smites you!
* * * LOW HITPOINT WARNING * * *
The orc priest hits you with a +0 whip.
You die...

#.##.##.....#.....##
#.##.##..........#....
.....##.......#.##.# #
.....######.###.##.###
#. ..........#.#
#.##...##...
....#####g#.#
#.#..#...... ....# #.#
#........... ##### #.#
##o#.......# # #.#
#@#.o.....# ###### #.#
#.#.o.....# .....# #.#
#.#o......# ..##.#
#.#...oo..# #.##.##
#.#.......# #<#...#
#.#.......# #..#
#.##.....## #.#.# #.#
#>##.# #..


You could see an orc priest.

Vanquished Creatures
  2 gnolls (D:2)
  An adder (D:2)
  A worm (D:2)
  2 dart slugs (D:1)
  4 orcs (D:2)
  3 bats (D:1)
  5 endoplasms
  A giant cockroach (D:1)
  5 hobgoblins
  4 kobolds
  A quokka (D:1)
  4 ball pythons
  A frilled lizard (D:2)
  3 rats
37 creatures vanquished.

Notes
Turn   | Place    | Note
-------+----------+-------------------------------------------
     0 | D:5      | tsouns the Demonspawn Delver began the quest for the Orb.
     0 | D:5      | Reached XP level 1. HP: 18/18 MP: 1/1
     8 | D:5      | Noticed Edmund
   230 | D:2      | Found a faded altar of an unknown god.
   238 | D:2      | Became a worshipper of Ru the Awakened
   243 | D:2      | Gained mutation: You cannot study or use magical devices.
                  | [Ru sacrifice]
   243 | D:2      | Reached * piety under Ru
   243 | D:2      | Reached ** piety under Ru
   314 | D:2      | Gained mutation: You have large cloven feet. [demonic
                  | ancestry]
   314 | D:2      | Reached XP level 2. HP: 11/24 MP: 2/2
   536 | D:2      | Reached skill level 1 in Armour
   540 | D:2      | Reached XP level 3. HP: 4/29 MP: 3/3
   902 | D:2      | Learned a level 1 spell: Magic Dart
  1658 | D:3      | Found a shimmering blue altar of Sif Muna.
  1964 | D:2      | Gained mutation: A meltable shield of frost defends you.
                  | (SH +4) [demonic ancestry]
  1964 | D:2      | Reached XP level 4. HP: 35/35 MP: 4/4
  2020 | D:2      | HP: 1/35 [orc priest/divine providence (10)]
  2020 | D:2      | Slain by an orc priest

Illustrated notes

Levels and vault maps discovered:
D:1:      dpeg_arrival_refuge, layout_basic
D:2:      cheibrodos_pilgrimage, layout_loops_ring,
          shapermc_ecumenical_altar_totnotflames
D:3:      kennysheep_big_flooded_room, layout_loops_corners,
          general_overflow_altar, serial_shops, nicolae_shop_trees,
          kennysheep_flooded_box, minmay_curled_crystal
D:4:      layout_gridville, overflow_temple_1_default, minmay_misc_feat_iff,
          chequers_serial_rivers_micro_d, dk_vineyard_1, minmay_bent
D:5:      layout_cave_pools, nicolae_ossuary_entry_monument, uniq_edmund

Skill      XL: |  1  2  3 |
---------------+----------+-----
Unarmed Combat | 2 3 |  3.2
Armour         | 1 |  1.6
Fighting       | |  3.1
Dodging        | |  1.7
Stealth        | |  4.5
Shields        | |  0.4

Action                   |  1- 3 |  4- 6 || total
-------------------------+-------+-------++-------
Melee: Unarmed           |   118 |    19 ||   137
       Kick              |    30 |     8 ||    38
Invok: Sacrifice Artific |     1 |       ||     1
  Use: Scroll            |     1 |       ||     1
       Potion            |     1 |       ||     1
Armor: Plate armour      |    77 |     4 ||    81
Dodge: Dodged            |    11 |     1 ||    12
Block: Kite shield       |    26 |    10 ||    36

Table legend: (Time is in decaauts)
 A = Elapsed time spent in this place.
 B = Non-inter-level travel time spent in this place.
 C = Inter-level travel time spent in this place.
 D = Time resting spent in this place.
 E = Time spent auto-exploring this place.
 F = Levels seen in this place.
 G = Mean time per level.
                   A        B        C        D        E       F      G
               +--------+--------+--------+--------+--------+-----+--------+
         Total |   2023 |   1991 |     32 |      0 |   1558 |   5 |  404.6 |
       Dungeon |   2023 |   1991 |     32 |      0 |   1558 |   5 |  404.6 |
               +--------+--------+--------+--------+--------+-----+--------+

Top non-repeatable levels by time:
     D:2: 960 daAuts
     D:1: 699 daAuts
     D:3: 265 daAuts
     D:4: 83 daAuts
     D:5: 14 daAuts
